Map: Ultralove

Players

iPlayDefense

  • Race: Terran Terran
  • League: Silver
  • Spawn Location: 7:00

Mamerto - Winner!

  • Race: Terran Terran
  • League: Silver
  • Spawn Location: 1:00

VOD

Have the link to the VOD?

Description

Time

  • Played on: April 13, 2025, 7:34 p.m.
  • Length: 16:15
Show
View Real Time Build Order
Export as new Build Order

iPlayDefense Terran 

Build Orders:  

Get SALT Encoding   

  12  0:00  SCV  
  13  0:15  Supply Depot  
  13  0:17  SCV  
  14  0:29  Refinery  
  14  0:30  SCV  
  15  0:41  Barracks  
  15  0:45  SCV  
  16  1:01  Supply Depot  
  16  1:09  SCV  
  17  1:34  Orbital Command  
  17  1:36  Barracks Reactor  
  17  1:42  Supply Depot  
  17  2:04  Barracks  
  17  2:06  Barracks  
  17  2:08  Bunker  
  17  2:13  Marine x2  
  18  2:25  SCV  
  19  2:37  SCV  
  20  2:49  SCV  
  20  2:52  Marine x2  
  20  2:53  Marine  
  22  3:04  Marine  
  23  3:09  Marine  
  23  3:10  Marine  
  23  3:11  Marine  
  26  3:18  SCV  
  27  3:22  Marine  
  28  3:27  Marine  
  28  3:30  SCV  
  31  3:37  Marine  
  31  3:40  Marine  
  33  3:42  SCV, Marine  
  34  3:50  Refinery  
  34  3:55  Marine  
  27  4:07  Barracks Reactor  
  26  4:25  Command Center  
  26  4:30  Barracks Tech Lab x2  
  26  4:43  Marine  
  26  5:15  Supply Depot  
  25  5:33  Barracks Reactor  
  25  5:36  Marine x2  
  25  5:42  SCV  
  28  5:54  SCV, Marine x2  
  31  6:00  Factory  
  30  6:06  SCV  
  30  6:12  Marine x2  
  30  6:26  Marine  
  30  6:30  Marine x2  
  34  6:36  Marine  
  32  6:42  Combat Shield  
  32  6:43  Stimpack  
  32  6:44  Factory Tech Lab  
  32  6:47  Marine x2  
  32  6:53  Command Center  
  34  6:54  Marine  
  34  6:59  SCV  
  36  7:06  Marine x2  
  38  7:13  Supply Depot  
  38  7:30  SCV  
  38  7:34  Siege Tank, Marine x3  
  44  7:42  SCV x2  
  46  7:45  Supply Depot  
  46  8:04  Marine x3  
  46  8:05  SCV x2  
  51  8:11  Bunker  
  51  8:17  SCV x2  
  52  8:22  Marine  
  53  8:29  SCV  
  54  8:37  Marine x2  
  54  8:40  Marine  
  58  8:41  SCV  
  58  8:43  Siege Tank  
  58  8:47  Supply Depot  
  61  8:53  SCV  
  61  8:55  Marine x2  
  64  8:58  Marine  
  65  9:03  Concussive Shells  
  65  9:05  SCV  
  64  9:12  Marine  
  64  9:13  Marine  
  64  9:15  Siege Tank  
  69  9:34  Orbital Command  
  69  9:37  SCV  
  70  9:47  Siege Tank  
  70  9:49  SCV  
  74  9:55  Marine x3  
  77  10:01  Supply Depot  
  77  10:18  Supply Depot  
  77  10:22  Marine  
  77  10:23  SCV x2, Marine x2  
  82  10:35  SCV x2  
  84  10:40  Marine  
  84  10:41  Marine  
  86  10:47  SCV x2  
  86  10:59  SCV, Engineering Bay  
  86  11:00  SCV  
  86  11:04  Supply Depot  
  86  11:05  Marine x3  
  89  11:11  SCV  
  89  11:12  SCV  
  89  11:18  Siege Tank  
  89  11:23  Marine  
  89  11:24  SCV  
  93  11:25  SCV  
  93  11:26  Marauder x2  
  97  11:38  SCV  
  98  11:41  Marine  
  98  11:47  Marine x2  
  99  11:51  Supply Depot  
  101  12:04  Terran Infantry Weapons Level 1  
  101  12:05  Starport  
  101  12:10  SCV, Marine  
  101  12:11  SCV  
  101  12:12  Siege Tank  
  87  12:19  Marine x2  
  87  12:22  SCV  
  75  12:24  SCV  
  75  12:28  Supply Depot, Marine  
  77  12:34  SCV  
  77  12:36  SCV  
  79  12:37  Marine x2  
  79  12:41  Starport Reactor  
  80  12:44  Siege Tank  
  80  12:46  Marine  
  84  12:55  Marine x2  
  84  12:56  SCV  
  84  12:58  SCV  
  88  13:03  Refinery  
  88  13:04  Marine  
  89  13:07  Refinery x2  
  89  13:08  SCV, Refinery  
  89  13:10  SCV  
  91  13:16  Siege Tank  
  94  13:20  SCV  
  94  13:22  SCV, Marine x3  
  99  13:29  Medivac x2  
  103  13:39  Marine  
  103  13:40  Marine, Marauder  
  101  13:48  Siege Tank  
  101  13:58  Marauder  
  101  13:59  Medivac x2  
  107  14:10  Supply Depot  
  107  14:11  SCV  
  107  14:13  SCV  
  109  14:20  Siege Tank  
  109  14:24  SCV  
  113  14:25  SCV  
  114  14:36  SCV  
  114  14:37  SCV  
  116  14:39  Marine x3  
  118  14:51  SCV  
  118  14:52  SCV  
  120  14:57  Marine x2  
  120  14:58  Marauder  
  121  15:03  SCV  
  121  15:04  SCV  
  117  15:09  Missile Turret  
  117  15:13  Missile Turret  
  110  15:15  SCV  
  110  15:16  SCV, Marauder  
  113  15:22  Siege Tank  
  113  15:24  Missile Turret  
  116  15:30  Marine x2  
  116  15:34  Viking x2  
  121  15:36  Marine  
  120  15:44  Missile Turret x2, Command Center  
  120  15:45  Missile Turret  
  120  15:47  Marine  
  120  15:48  Missile Turret, Marauder  
  122  16:05  Command Center  
Show
View Real Time Build Order
Export as new Build Order

Mamerto Terran - Winner!

Build Orders:  

Get SALT Encoding   

  12  0:14  SCV  
  12  0:19  Supply Depot  
  13  0:26  SCV  
  14  0:45  Barracks  
  14  0:57  SCV  
  15  1:03  Refinery  
  15  1:06  Engineering Bay  
  15  1:09  SCV  
  16  1:21  SCV  
  17  1:33  SCV  
  17  1:34  Marine  
  19  1:52  Marine  
  20  1:57  Command Center  
  20  2:13  Barracks  
  20  2:24  Marine  
  21  2:42  Marine  
  20  3:00  Marine  
  21  3:16  Planetary Fortress  
  21  3:17  Marine  
  21  3:19  Marine  
  19  3:35  Marine  
  19  3:37  Marine  
  19  3:53  Marine  
  21  4:05  SCV  
  22  4:11  Marine  
  22  4:12  Barracks Reactor  
  22  4:17  SCV  
  23  4:29  SCV, Marine  
  25  4:41  SCV  
  26  4:46  Marine  
  26  4:48  Supply Depot  
  26  4:49  Supply Depot x2  
  26  4:53  SCV  
  26  5:00  Marine x2  
  26  5:04  Marine  
  26  5:05  SCV  
  27  5:17  Marine  
  27  5:18  SCV, Marine  
  30  5:22  Marine  
  30  5:35  Marine x2  
  27  5:38  Factory  
  27  5:40  Marine  
  27  5:53  Marine x2  
  29  5:58  Marine  
  30  6:11  Marine x2  
  28  6:15  Marine  
  30  6:28  SCV  
  30  6:29  Marine x2  
  32  6:33  Marine  
  32  6:35  Refinery  
  32  6:40  SCV  
  33  6:51  Marine  
  33  6:52  Refinery  
  33  6:53  SCV  
  35  7:04  Terran Infantry Weapons Level 1  
  35  7:05  SCV  
  36  7:09  Factory Tech Lab  
  36  7:17  SCV  
  36  7:18  Marine x2  
  39  7:27  Barracks Reactor  
  38  7:36  Marine  
  35  7:40  Siege Tank  
  38  8:13  Siege Tank  
  36  8:28  Orbital Command  
  36  8:38  Marine  
  36  8:39  Marine  
  38  8:58  Terran Infantry Armor Level 1  
  38  9:08  Factory Tech Lab  
  38  9:20  SCV  
  39  9:31  Starport  
  39  9:32  SCV  
  39  9:37  Siege Tank  
  39  9:44  SCV  
  40  9:55  Command Center  
  40  10:01  Starport  
  40  10:09  Siege Tank  
  41  10:56  Starport Reactor  
  41  10:57  Starport Reactor  
  41  11:01  SCV  
  42  11:13  SCV  
  43  11:26  SCV  
  43  11:30  Reaper x2  
  46  11:38  SCV  
  47  11:41  Liberator  
  50  11:50  SCV  
  51  12:02  Reaper x2, Refinery  
  51  12:04  Refinery  
  51  12:05  Orbital Command  
  51  12:07  SCV  
  54  12:19  SCV  
  55  12:29  Siege Tank  
  58  12:31  SCV  
  59  12:43  SCV  
  58  12:55  SCV  
  58  12:57  Liberator x2  
  65  13:01  Siege Tank  
  68  14:58  Marine x2  
  69  15:12  Viking x4  
  77  15:15  Marine  
  77  15:16  Marine  
  76  15:33  Marine  
  77  16:01  Supply Depot  
  77  16:04  Supply Depot  
Tags
 
Matchup
TvT
Race
Terran
Replay Pack
DaveSC2
Spawn Locations
Cross Positions
Add a new tag
Caveats
  • Supply blocks, unpowered buildings, or Contaminate may cause inaccurate times.
  • Supply counts are checked every 10 seconds.